 Dungeon Crawl Stone Soup version 0.29.1-debian-4-g95531337e3 (webtiles) character file.

Game seed: 14251106570972382276

22 Dreamer the Shield-Bearer (level 3, -2/29 HPs)
             Began as a Formicid Fighter on Sept 13, 2022.
             Slain by a goblin
             ... wielding a +0 club
             ... led by Robin
              (3 damage)
             ... on level 1 of the Dungeon.
             The game lasted 00:02:04 (984 turns).

Dreamer the Shield-Bearer (Formicid Fighter)         Turns: 984, Time: 00:02:05

Health: -2/29      AC:  6    Str: 22    XL:     3   Next: 7%
Magic:  3/3        EV:  6    Int:  7    God:
Gold:   72         SH:  6    Dex: 19    Spells: 2/2 levels left

rFire   . . .      SeeInvis +   a - +0 flail
rCold   . . .      Faith    .   c - +0 buckler
rNeg    . . .      Spirit   .   b - +0 scale mail
rPois   .          Reflect  .   (helmet unavailable)
rElec   .          Harm     .   (no cloak)
rCorr   .          Rampage  .   (no gloves)
Will    .....                   (no boots)
Stlth   ..........              (no amulet)
HPRegen 0.09/turn               g - +6 ring of dexterity
MPRegen 0.08/turn               (no ring)

@: constricted
A: permanent stasis, dig shafts and tunnels, antennae 3, four strong arms
a: Dig, Shaft Self


You were on level 1 of the Dungeon.
You visited 1 branch of the dungeon, and saw 2 of its levels.

You collected 72 gold pieces.

Inventory:

Hand Weapons
 a - a +0 flail (weapon)
Armour
 b - a +0 scale mail (worn)
 c - a +0 buckler (worn)
Jewellery
 g - a +6 ring of dexterity (left hand)
 h - a +6 ring of dexterity
Scrolls
 e - a scroll of silence {unknown}
 k - a scroll of enchant armour {unknown}
Potions
 d - a potion of might
 f - a potion of berserk rage {unknown}
 i - a potion of cancellation {unknown}
 j - a potion of curing {unknown}
 l - a potion of brilliance {unknown}


   Skills:
 + Level 3.5 Fighting
 * Level 2.5 Maces & Flails
 + Level 3.5 Armour
 + Level 4.3 Shields


You had 2 spell levels left.
You didn't know any spells.
Your spell library contained the following spells:

 Spells                   Type           Power      Damage    Failure   Level
 Gell's Gravitas          Tloc           0%         N/A       99%         3
 Lesser Beckoning         Tloc           0%         N/A       99%         3
 Teleport Other           Tloc           0%         N/A       99%         3


Dungeon Overview and Level Annotations

Branches:
Dungeon (2/15)

Altars:

Shops:
D:1 [

Annotations:
D:2 Robin


Innate Abilities, Weirdness & Mutations

You cannot be hasted, slowed, berserked, paralysed or teleported.
You can dig through walls and to a lower floor.
You have a pair of large antennae on your head. (SInv)
Your four strong arms can wield two-handed weapons with a shield.


Message History

The goblin is heavily wounded.
You block the goblin's attack. The goblin hits you but does no damage.
You sock the goblin!
You kill the goblin!
You see here a +0 dagger.
There is a stone staircase leading down here.
You can't go up here!
You climb downwards.
Level annotation: Robin The hobgoblin barely misses you.
The goblin hits you with a +0 club.
The hobgoblin hits you but does no damage.
The hobgoblin hits you. You block the goblin's attack. The hobgoblin hits you.
The ball python barely misses you. The ball python grabs you.
The ball python constricts you.
There is a stone staircase leading up here.
You escape the ball python's grasp.
The goblin barely misses you. The hobgoblin barely misses you.
You block the goblin's attack. The goblin hits you with a +0 club.
The hobgoblin barely misses you. The hobgoblin hits you.
The hobgoblin hits you but does no damage.
You climb upwards.
There is a stone staircase leading down here.
You hit the hobgoblin but do no damage.
The ball python bites you but does no damage.
You block the ball python's attack. You block the hobgoblin's attack.
You block the goblin's attack. The goblin hits you but does no damage.
The hobgoblin hits you. The goblin barely misses you.
The hobgoblin hits you. x2
* * * LOW HITPOINT WARNING * * *
The ball python barely misses you. x2
You sock the hobgoblin!
You kill the hobgoblin!
You block the goblin's attack. The hobgoblin barely misses you.
The goblin hits you with a +0 club.
* * * LOW HITPOINT WARNING * * *
The goblin barely misses you. The hobgoblin closely misses you.
You block the hobgoblin's attack. The ball python bites you.
* * * LOW HITPOINT WARNING * * *
The ball python grabs you. The ball python constricts you.
The goblin hits you with a +0 club.
You die...

########## #........#
##### #........# #...#
#........# #...# ###
####....#####...#####..
#....#..............
#.†gg..###...#####..
#.g@g...............
#.gSg.......########
#....#####.#.#
#####....#.#.#######
#.##.#.#........
#......#.#......
#..#.###.#......
#..#...#.#......
#..###..........


You could see 3 hobgoblins, 3 goblins and a ball python.

Vanquished Creatures
  3 ball pythons (D:1)
  3 endoplasms (D:1)
  A giant cockroach (D:1)
  2 goblins (D:1)
  3 hobgoblins (D:1)
  A quokka (D:1)
  A bat (D:1)
  2 frilled lizards (D:1)
  2 kobolds (D:1)
  3 rats (D:1)
21 creatures vanquished.

Notes
Turn   | Place    | Note
-------+----------+-------------------------------------------
     0 | D:1      | Dreamer the Formicid Fighter began the quest for the Orb.
     0 | D:1      | Reached XP level 1. HP: 18/18 MP: 1/1
   269 | D:1      | Reached XP level 2. HP: 24/24 MP: 2/2
   603 | D:1      | Found Ekkoa's Armour Shop.
   861 | D:1      | Reached XP level 3. HP: 29/29 MP: 3/3
   970 | D:2      | Identified the +1 helmet of Vehumet's Reproof {rCorr Str+3}
   970 | D:2      | Noticed Robin
   984 | D:1      | HP: 1/29 [ball python (3)]
   984 | D:1      | Slain by a goblin

Illustrated notes

Levels and vault maps discovered:
D:1:      roderic_chinese_lattice_arrival, layout_basic, serial_shops,
          nicolae_shop_advertising_works [nicolae_subvault_shop_adworks],
          st_stairs_2, minmay_hexomino_u4
D:2:      layout_loops_corners, shapermc_ecumenical_altar_totnotflames,
          grunt_decor_fettered, uniq_sigmund, uniq_robin

Action                   || total
-------------------------++-------
Melee: Flail             ||    44
Armor: Scale mail        ||    17
Dodge: Dodged            ||    27
Block: Buckler           ||    17
